 Dungeon Crawl Stone Soup version 0.30-b1-2-g02819fbbbe (webtiles) character file.

Game seed: 2308298381733007944

729 abztr the Chopper (level 7, -6/61 HPs)
             Began as a Hill Orc Berserker on May 30, 2023.
             Was an Elder of Trog.
             Mangled by Menkaure (20 damage)
             ... on level 4 of the Dungeon on May 31, 2023.
             The game lasted 00:26:50 (2967 turns).

abztr the Chopper (Hill Orc Berserker)              Turns: 2967, Time: 00:26:51

Health: -6/61      AC:  9    Str: 22    XL:     7   Next: 73%
Magic:  7/7        EV: 10    Int:  7    God:    Trog [****..]
Gold:   128        SH:  0    Dex: 10    Spells: 6/6 levels left

rFire   . . .        a - +0 hand axe
rCold   . . .        (no shield)
rNeg    . . .        A - +1 scale mail
rPois   .            (no helmet)
rElec   .            (no cloak)
rCorr   .            (no gloves)
SInv    .            C - +0 pair of boots
Will    .....        f - amulet of faith Stlth
                     (no ring)
HPRegen 0.30/turn    (no ring)
MPRegen 0.10/turn

%: faith
@: no status effects
A: no striking features
a: Renounce Religion, Berserk, Trog's Hand, Brothers in Arms


You were on level 4 of the Dungeon.
You worshipped Trog.
Trog was greatly pleased with you.
You visited 1 branch of the dungeon, and saw 4 of its levels.
You also visited: Sewer.

You collected 128 gold pieces.

Inventory:

Hand Weapons
 a - a +0 hand axe (weapon)
 c - a +0 short sword
 k - a +0 dagger
 m - a +0 club
 n - a +0 mace
 p - a +0 sling
 w - a +0 dagger of speed
 x - a +0 trident
 z - a +0 hand axe
 B - a +0 morningstar
 F - a +0 scythe
 J - a +0 trident
Missiles
 d - 16 stones (quivered)
 g - 4 javelins
 i - 5 poisoned darts
 l - 7 boomerangs
Armour
 b - a +0 animal skin
 e - a +1 ring mail
 h - a +0 cloak
 j - a +0 leather armour
 o - a +1 robe of fire resistance
 y - a +0 ring mail
 A - a +1 scale mail (worn)
 C - a +0 pair of boots (worn)
 G - a +0 robe
 I - a +0 ring mail
Jewellery
 f - an amulet of faith (around neck)
Scrolls
 q - 4 scrolls of immolation {unknown}
 r - a scroll of fog {unknown}
 s - 2 scrolls of identify {unknown}
 u - 3 scrolls of torment {unknown}
 v - 2 scrolls of teleportation
 D - a scroll of blinking {unknown}
Potions
 t - a potion of curing {unknown}
 E - a potion of invisibility {unknown}
 H - a potion of mutation {unknown}


   Skills:
 + Level 5.5 Fighting
 + Level 7.7 Axes
 + Level 5.4 Armour
 + Level 2.8 Dodging
 + Level 0.2 Stealth


You had 6 spell levels left.
You didn't know any spells.
Your spell library contained the following spells:

 Spells                   Type           Power      Damage    Failure   Level
 Magic Dart               Conj           0%         1d3       75%         1
 Searing Ray              Conj           0%         2d4       86%         2
 Fulminant Prism          Conj/Hex       0%         3d5       100%        4


Dungeon Overview and Level Annotations

Branches:
Dungeon (4/15)              Sewer (visited)
 Temple: D:4-7

Altars:
Yredelemnul

Shops:
D:2 =   D:3 (

Annotations:
D:4 Menkaure


Message History

a +0 short sword; a +0 dagger; a +0 ring mail
l - 7 boomerangs (gained 6)
There is a stone staircase leading down here.
There is a stone staircase leading down here.
There is a stone staircase leading down here.
You climb downwards.
The ball python hisses angrily.
Found a stone staircase leading up.
There is a stone staircase leading up here.
You hit the ball python.
The ball python is heavily wounded.
The ball python barely misses you. The ball python closely misses you.
You hit the ball python.
You kill the ball python!
Trog accepts your kill.
Menkaure, Prince of Dust comes into view.
Menkaure shouts!
You don't know any spells.
You don't know any spells.
You don't know any spells.
Menkaure calls on the powers of darkness!
Your body is wracked with pain!
You don't know any spells.
You don't know any spells.
You hit Menkaure.
Menkaure is lightly damaged.
Menkaure hits you but does no damage.
You slash Menkaure!
Menkaure is heavily damaged.
Menkaure hits you.
You hit Menkaure.
Menkaure is heavily damaged.
You hit Menkaure but do no damage.
Menkaure is heavily damaged.
Menkaure hits you!
* * * LOW HITPOINT WARNING * * *
You slash Menkaure!
Menkaure is almost destroyed.
Menkaure hits you!!
You die...

.# .# .######
<.##.. ..##.#
..##.#############
.................#
#....###########.#
###### #@#
#.M......
#######.#


You could see Menkaure.

Vanquished Creatures
  Grinder (D:3)
  Sigmund (D:3)
  Pargi (Sewer)
  An orc priest (D:3)
  Terence (D:3)
  Natasha (twice) (D:2)
  3 adders
  A river rat (D:3)
  3 worms
  2 dart slugs
  10 orcs (D:3)
  14 ball pythons
  8 bats
  8 endoplasms
  6 giant cockroaches
  7 goblins
  8 hobgoblins
  3 jackals (D:1)
  A quokka (D:2)
  4 frilled lizards
  11 kobolds
  9 rats
  A spectral orc (D:3)
106 creatures vanquished.

Notes
Turn   | Place    | Note
-------+----------+-------------------------------------------
     0 | D:1      | abztr the Hill Orc Berserker began the quest for the Orb.
     0 | D:1      | Reached XP level 1. HP: 19/19 MP: 1/1
    50 | D:1      | Reached XP level 2. HP: 27/27 MP: 2/2
   207 | D:1      | Found a faded altar of an unknown god.
   286 | D:1      | Reached XP level 3. HP: 31/33 MP: 3/3
   300 | D:1      | Reached ** piety under Trog
   463 | D:1      | Reached skill level 5 in Axes
   652 | D:2      | Found a basalt altar of Yredelemnul.
   696 | D:2      | Found Uxiqarhi's Jewellery Emporium.
   870 | D:2      | Reached XP level 4. HP: 27/40 MP: 4/4
  1100 | D:2      | Reached *** piety under Trog
  1134 | D:2      | Noticed Natasha
  1146 | D:2      | Killed Natasha
  1291 | D:2      | Noticed Natasha
  1300 | D:2      | Killed Natasha
  1301 | D:2      | Reached XP level 5. HP: 33/47 MP: 5/5
  1492 | D:3      | Noticed Terence
  1502 | D:3      | Killed Terence
  1503 | D:3      | Reached skill level 6 in Axes
  1605 | D:3      | Found a glowing drain.
  1631 | Sewer    | Entered a sewer
  1736 | Sewer    | Noticed Pargi
  1765 | Sewer    | Killed Pargi
  1766 | Sewer    | Reached XP level 6. HP: 27/55 MP: 6/6
  1922 | D:3      | Found Fuaxyge's Weapon Boutique.
  1957 | D:3      | Reached **** piety under Trog
  2045 | D:3      | Noticed Sigmund
  2073 | D:3      | Killed Sigmund
  2074 | D:3      | Reached skill level 5 in Fighting
  2074 | D:3      | Reached skill level 7 in Axes
  2074 | D:3      | Reached XP level 7. HP: 45/61 MP: 7/7
  2207 | D:3      | Found a basalt altar of Yredelemnul.
  2257 | D:3      | Noticed Grinder
  2257 | D:3      | Paralysed by Grinder for 4 turns
  2283 | D:3      | Killed Grinder
  2284 | D:3      | Reached skill level 5 in Armour
  2954 | D:4      | Noticed Menkaure
  2967 | D:4      | Mangled by Menkaure

Illustrated notes

Levels and vault maps discovered:
D:1:      lightli_arrival_statue_moat, layout_rooms,
          nicolae_ecumenical_lake_church
D:2:      minmay_angry_zag, layout_basic, basic_altar, serial_shops,
          nicolae_shop_rolling_square, hex_tiny, uniq_natasha
D:3:      layout_loops_corners, yredelemnul_forgotten_temple_becter,
          portal_sewer_entry_a, serial_shops, nicolae_shop_real_fake_doors,
          uniq_grinder, uniq_sigmund, uniq_terence
D:4:      layout_loops_ring, nzn_wu_jian_contemplation,
          mainiacjoe_overflow_six_doors_small, chequers_serial_rivers_marsh,
          grunt_ministairs_1, uniq_menkaure

Skill      XL: |  1  2  3  4  5  6  7 |
---------------+----------------------+-----
Fighting       | 4 5 |  5.5
Axes           | 5 6 7 |  7.7
Armour         | 3 4 5 |  5.4
Dodging        | 2 |  2.8
Stealth        | |  0.2

Action                     |  1- 3 |  4- 6 |  7- 9 || total
---------------------------+-------+-------+-------++-------
  Melee: Hand axe          |   120 |   200 |    81 ||   401
         Punch             |     2 |     3 |       ||     5
    Use: Scroll            |     1 |     2 |     1 ||     4
         Potion            |       |     1 |       ||     1
 Armour: Animal skin       |     4 |       |       ||     4
         Ring mail         |    45 |    32 |       ||    77
         Scale mail        |       |    73 |    34 ||   107
  Dodge: Dodged            |    73 |   109 |    32 ||   214
